Map: Ever Dream LE

Players

Trap - Winner!

  • Race: Protoss Protoss
  • League: Master
  • Spawn Location: 1:00

JinairRogue (Rogue)

  • Race: Zerg Zerg
  • Spawn Location: 7:00

Event: War Chest Team League

VOD

Have the link to the VOD?

Description

Time

  • Played on: July 31, 2020, 6:17 a.m.
  • Length: 10:37

All games in this series

Show
View Real Time Build Order
Export as new Build Order

Trap Protoss - Winner!

Build Orders: 1 Gate Expand, Mass Adepts 

Get SALT Encoding   

  12  0:00  Probe  
  13  0:13  Pylon  
  13  0:16  Probe (Chrono Boost)  
  14  0:27  Probe (Chrono Boost)  
  15  0:32  Probe (Chrono Boost)  
  16  0:39  Gateway  
  16  0:43  Probe  
  16  0:48  Assimilator  
  17  0:55  Probe  
  18  1:07  Probe  
  19  1:19  Probe  
  19  1:25  Nexus  
  20  1:34  Cybernetics Core  
  20  1:37  Probe  
  21  1:44  Assimilator  
  21  1:50  Probe  
  21  1:53  Pylon  
  22  2:02  Probe  
  23  2:09  Adept (Chrono Boost)  
  23  2:12  Warp Gate  
  23  2:14  Probe (Chrono Boost)  
  27  2:23  Twilight Council  
  27  2:24  Probe (Chrono Boost)  
  27  2:29  Probe (Chrono Boost)  
  27  2:33  Stalker  
  30  2:37  Probe (Chrono Boost)  
  32  2:46  Probe x2 (Chrono Boost)  
  33  2:51  Probe (Chrono Boost)  
  33  2:53  Robotics Facility  
  33  2:55  Probe  
  35  3:03  Gateway  
  35  3:05  Probe  
  35  3:07  Probe  
  35  3:12  Resonating Glaives (Chrono Boost)  
  37  3:20  Probe x2  
  37  3:23  Adept  
  41  3:29  Gateway  
  41  3:30  Gateway  
  41  3:37  Warp Prism (Chrono Boost)  
  43  3:43  Pylon  
  43  3:44  Probe  
  43  3:46  Probe  
  45  3:54  Shield Battery  
  45  3:56  Pylon  
  45  4:03  Adept  
  45  4:04  Adept  
  45  4:05  Probe x2  
  45  4:07  Observer  
  52  4:12  Pylon  
  52  4:13  Assimilator  
  52  4:24  Adept x2  
  52  4:25  Adept x2  
  52  4:27  Probe  
  52  4:28  Probe  
  62  4:37  Pylon  
  62  4:48  Assimilator  
  62  4:49  Adept x4  
  70  4:52  Pylon  
  70  4:55  Probe x2  
  70  4:59  Robotics Bay  
  70  5:12  Adept x4  
  78  5:15  Probe x2  
  78  5:19  Pylon  
  80  5:33  Adept x3  
  86  5:36  Gravitic Drive  
  86  5:39  Adept  
  88  5:43  Disruptor (Chrono Boost)  
  88  5:49  Pylon  
  90  6:08  Disruptor (Chrono Boost)  
  90  6:11  Nexus  
  90  6:13  Pylon  
  92  6:19  Adept x3  
  92  6:20  Adept  
  92  6:22  Probe x2  
  102  6:31  Pylon  
  102  6:40  Immortal  
  102  6:43  Probe x2  
  102  6:46  Shield Battery  
  108  6:49  Pylon  
  108  6:51  Sentry x4  
  116  6:55  Probe  
  116  6:56  Probe  
  118  7:08  Probe x2  
  114  7:20  Probe x2  
  108  7:28  Stalker x2  
  108  7:29  Stalker x2, Probe  
  111  7:30  Colossus (Chrono Boost)  
  111  7:32  Probe x2  
  110  7:44  Probe x3  
  110  7:46  Extended Thermal Lance  
  110  7:47  Assimilator x2  
  110  7:51  Shield Battery  
  113  7:56  Shield Battery, Probe x3  
  116  8:03  Colossus (Chrono Boost)  
  112  8:09  Zealot x2  
  112  8:10  Stalker x2  
  120  8:18  Blink (Chrono Boost)  
  124  8:21  Shield Battery  
  124  8:24  Gateway  
  124  8:26  Gateway  
  124  8:32  Probe x3  
  125  8:43  Forge  
  121  8:52  Colossus (Chrono Boost)  
  121  8:55  Stalker x4  
  117  8:57  Disruptor (Chrono Boost)  
  117  8:59  Robotics Facility  
  124  9:05  Pylon  
  124  9:13  Gateway x2  
  124  9:19  Nexus  
  124  9:22  Stalker x4  
  122  9:27  Stalker  
  122  9:30  Stalker  
  124  9:34  Colossus (Chrono Boost)  
  130  9:50  Stalker x4  
  138  9:55  Stalker x2  
  142  10:00  Pylon  
  138  10:10  Stalker x2  
  140  10:14  Stalker x3  
  140  10:18  Stalker  
  148  10:21  Stalker  
  148  10:30  Stalker  
Show
View Real Time Build Order
Export as new Build Order

JinairRogue Zerg 

Build Orders: Hatch First 

Get SALT Encoding   

  12  0:00  Drone  
  13  0:12  Overlord  
  13  0:17  Drone  
  14  0:31  Drone  
  15  0:44  Hatchery  
  15  0:48  Drone  
  15  0:51  Drone  
  15  0:56  Drone  
  17  1:05  Extractor  
  16  1:12  Spawning Pool  
  16  1:17  Drone  
  16  1:19  Drone  
  16  1:24  Drone  
  18  1:31  Drone  
  19  1:42  Drone  
  20  1:54  Overlord  
  20  1:56  Drone  
  20  1:59  Queen  
  23  2:01  Queen  
  23  2:04  Zergling x2  
  26  2:09  Zergling x2  
  26  2:15  Drone  
  28  2:16  Metabolic Boost  
  28  2:20  Drone  
  29  2:25  Drone  
  29  2:28  Drone  
  31  2:37  Drone  
  32  2:48  Hatchery  
  32  2:50  Queen  
  33  2:55  Overlord  
  33  2:59  Drone x2  
  33  3:00  Drone  
  36  3:13  Drone x4  
  36  3:14  Drone x2  
  42  3:23  Overlord  
  42  3:24  Drone  
  43  3:29  Queen, Spore Crawler  
  43  3:43  Drone  
  43  3:45  Drone x2  
  43  3:46  Drone  
  47  3:54  Drone  
  47  3:55  Roach Warren, Drone x3  
  50  4:00  Queen  
  50  4:01  Overlord  
  50  4:02  Zergling x6  
  55  4:03  Zergling x2  
  56  4:10  Overlord  
  56  4:12  Spore Crawler  
  56  4:15  Zergling x4  
  57  4:22  Overlord  
  57  4:23  Zergling x10  
  62  4:28  Spore Crawler  
  61  4:35  Roach x2  
  61  4:36  Roach  
  61  4:38  Roach x3  
  73  4:40  Roach  
  73  4:41  Zergling x2  
  73  4:44  Overlord  
  76  4:46  Roach  
  78  4:53  Overlord x2  
  78  4:54  Extractor  
  77  5:05  Zergling x2, Roach x2  
  78  5:08  Drone  
  78  5:09  Drone x4  
  78  5:11  Overlord  
  81  5:15  Zergling x2, Roach  
  81  5:16  Zergling x4  
  81  5:17  Zergling x2  
  81  5:20  Roach  
  89  5:23  Zergling x2  
  89  5:24  Zergling x2  
  89  5:28  Extractor, Roach  
  92  5:35  Roach x2  
  96  5:37  Overlord  
  96  5:40  Drone x4  
  100  5:45  Overlord  
  100  5:48  Roach  
  100  5:49  Overlord, Roach  
  104  5:55  Overlord, Drone  
  105  6:02  Lair  
  103  6:04  Drone x3  
  103  6:10  Drone x4  
  109  6:21  Drone  
  109  6:22  Drone x7  
  109  6:25  Evolution Chamber  
  115  6:26  Extractor  
  115  6:30  Overlord  
  115  6:32  Extractor  
  113  6:36  Roach  
  113  6:37  Roach x4  
  123  6:45  Drone x2  
  123  6:46  Drone x2  
  123  6:47  Drone x2  
  129  6:48  Overlord  
  129  6:51  Ravager x2  
  129  6:53  Zerg Missile Weapons Level 1  
  131  6:55  Roach x3  
  131  6:57  Overlord  
  131  6:59  Roach  
  131  7:01  Roach  
  141  7:14  Roach x7  
  127  7:20  Glial Reconstitution  
  127  7:22  Drone x3  
  125  7:23  Drone  
  125  7:27  Drone x3  
  125  7:29  Drone  
  125  7:37  Hydralisk Den  
  111  7:47  Drone x8  
  115  7:53  Extractor, Roach x2  
  118  7:59  Drone  
  118  8:03  Drone x8  
  118  8:04  Ravager  
  125  8:06  Ravager x2  
  124  8:17  Drone  
  118  8:22  Roach  
  118  8:23  Grooved Spines, Roach  
  122  8:28  Roach x4  
  122  8:29  Hatchery  
  129  8:36  Drone  
  129  8:37  Drone x5  
  129  8:41  Ravager  
  129  8:44  Ravager  
  124  8:49  Hydralisk x3  
  124  8:53  Drone x3  
  124  8:54  Drone  
  124  8:55  Overseer  
  129  9:00  Drone x2  
  131  9:03  Drone  
  131  9:04  Drone x3  
  135  9:11  Drone x3  
  135  9:13  Zergling x2  
  135  9:14  Zergling x2  
  130  9:19  Zergling x2  
  130  9:20  Zergling x2  
  130  9:23  Zergling x2  
  118  9:25  Zergling x2  
  118  9:28  Hydralisk x4  
  117  9:35  Lurker Den  
  117  9:37  Ravager  
  117  9:38  Ravager x3  
  120  9:39  Hydralisk  
  120  9:40  Zergling x8  
  120  9:42  Overseer  
  126  9:47  Zergling x4  
  126  9:49  Ravager  
  126  9:50  Zergling x2  
  129  9:53  Hydralisk  
  129  9:54  Overlord x2  
  129  9:57  Overlord x2  
  129  9:59  Overlord  
  130  10:05  Roach  
  130  10:06  Roach x2  
  129  10:10  Hydralisk x3  
  127  10:26  Hatchery  
Tags
 
Add a new tag
Caveats
  • Supply blocks, unpowered buildings, or Contaminate may cause inaccurate times.
  • Supply counts are checked every 10 seconds.